[Event "Titled Tuesday Blitz May 23 Late 2023"]
[White "Durarbayli, Vasif"]
[Black "Ollier, Pablo"]
[WhiteFideId "13402935"]
[BlackFideId "652318"]
[WhiteElo "2551"]
[BlackElo "2574"]
[Result "1-0"]
[Round "02"]
[TimeControl "180+2"]
[Date "2023.05.23"]
[WhiteClock "0:01:12"]
[BlackClock "0:00:13"]

1. e4 e5 2. Nc3 Nc6 3. f4 Bc5 4. Nf3 d6 5. Bb5 Ne7 6. d3 Bg4 7. h3 Bxf3 8. Qxf3 O-O 9. Bxc6 Nxc6 10. Be3 Bxe3 11. Qxe3 Nd4 12. O-O-O b5 13. Rhf1 c6 14. Kb1 a5 15. f5 f6 16. g4 a4 17. Ne2 c5 18. Nxd4 cxd4 19. Qd2 a3 20. b3 Qc7 21. g5 fxg5 22. Qxg5 Qc3 23. Qc1 b4 24. Rf2 Rf6 25. Rg1 Raf8 26. Rfg2 R8f7 27. h4 Rh6 28. Rg4 Rh5 29. R1g2 Kf8 30. Rg1 Rf6 31. Rxg7 Rxh4 32. Rg8+ Ke7 33. R1g7+ Rf7 34. Qg5+ Kd7 35. Rxf7+ Kc6 36. Rc8+ Kb5 37. Rxc3 1-0


[Site "https://www.chess.com"]

[Event "Titled Tuesday Blitz May 23 Late 2023"]
[White "Eugene, Floryan"]
[Black "Grigoriants, Sergey"]
[WhiteFideId "20694784"]
[BlackFideId "4130804"]
[WhiteElo "2369"]
[BlackElo "2502"]
[Result "1-0"]
[Round "02"]
[TimeControl "180+2"]
[Date "2023.05.23"]
[WhiteClock "0:00:06"]
[BlackClock "0:00:00"]

1. d4 Nf6 2. c4 e6 3. g4 h6 4. Nc3 d5 5. g5 hxg5 6. Bxg5 Be7 7. Nf3 dxc4 8. e4 b5 9. Bxf6 gxf6 10. Nxb5 Bb7 11. Qc2 c5 12. Bxc4 cxd4 13. O-O-O Nc6 14. Nbxd4 Qb6 15. Nxc6 Bxc6 16. Nd4 Bd7 17. Kb1 Rc8 18. Qd3 Rc7 19. f4 Qb4 20. Bb3 a5 21. f5 e5 22. Nc2 Qb5 23. Qg3 Rf8 24. Rd5 Qb6 25. Rhd1 a4 26. Rxd7 axb3 27. Rxc7 bxa2+ 28. Ka1 Qxc7 29. Qb3 Bc5 30. Qb5+ Ke7 31. Nb4 Bxb4 32. Qxb4+ Ke8 33. Qb5+ Ke7 34. Qb4+ Ke8 35. Qd2 Ke7 36. Rc1 Qd6 37. Qa5 Rb8 38. Qa7+ Kf8 39. Qc7 Qxc7 40. Rxc7 Rb4 41. Rc8+ Ke7 42. Kxa2 Rxe4 43. Rc2 Rf4 44. Ka3 Kd6 45. b4 Rxf5 46. b5 Rf1 47. b6 Rb1 48. Rf2 1-0


[Site "https://www.chess.com"]

[Event "Titled Tuesday Blitz May 23 Late 2023"]
[White "Drygalov, Sergey"]
[Black "Adewumi, Tanitoluwa"]
[WhiteFideId "24171743"]
[BlackFideId "30966396"]
[WhiteElo "2533"]
[BlackElo "2570"]
[Result "1-0"]
[Round "02"]
[TimeControl "180+2"]
[Date "2023.05.23"]
[WhiteClock "0:00:57"]
[BlackClock "0:00:04"]

1. d4 Nf6 2. c4 e6 3. Nf3 b6 4. g3 Ba6 5. Qc2 Bb7 6. Bg2 Be4 7. Qd1 Bb4+ 8. Bd2 Bxd2+ 9. Nbxd2 Bb7 10. O-O O-O 11. Qc2 c5 12. e4 Nc6 13. d5 exd5 14. cxd5 Nb4 15. Qc3 Rc8 16. a3 Ba6 17. axb4 Bxf1 18. Bxf1 cxb4 19. Qxb4 a5 20. Qb5 Rc5 21. Qd3 Re8 22. Nd4 Ng4 23. h3 Ne5 24. Qe3 Qf6 25. Qf4 Qxf4 26. gxf4 Ng6 27. f5 Nf4 28. f3 Rec8 29. Kf2 Rc1 30. Rxc1 Rxc1 31. Ke3 g5 32. fxg6 Nxg6 33. Bb5 Re1+ 34. Kf2 Rd1 35. Ke2 Rc1 36. Bxd7 Nf4+ 37. Ke3 Ng2+ 38. Kf2 Nf4 39. Ba4 Kf8 40. d6 Nd3+ 41. Ke3 Nxb2 42. Nc6 Nxa4 43. d7 Rc3+ 44. Ke2 Rd3 45. Kxd3 Nc5+ 46. Kd4 Nxd7 47. Nc4 a4 48. Kc3 f6 49. Kb4 Kf7 50. Kxa4 Nc5+ 51. Kb5 Nd3 52. Kxb6 Ne1 53. Nd4 Ng2 54. Kc7 Nf4 55. h4 h5 56. Nd6+ Kg6 57. N6f5 Ng2 58. Kd8 Nf4 59. Ke8 Nd3 60. Kf8 Ne5 61. Kg8 Nd7 62. Ne7+ Kh6 63. Ndf5# 1-0


[Site "https://www.chess.com"]

[Event "Titled Tuesday Blitz May 23 Late 2023"]
[White "ArtemDyachuk"]
[Black "Baskakov, Egor"]
[BlackFideId "24197866"]
[WhiteElo "2569"]
[BlackElo "2225"]
[Result "0-1"]
[Round "02"]
[TimeControl "180+2"]
[Date "2023.05.23"]
[WhiteClock "0:00:10"]
[BlackClock "0:00:50"]

1. Nf3 Nf6 2. c4 e6 3. g3 d5 4. Bg2 Be7 5. O-O O-O 6. b3 b6 7. Bb2 Bb7 8. cxd5 Bxd5 9. d4 Nbd7 10. Nc3 Bb7 11. Re1 Ne4 12. Qc2 Nxc3 13. Bxc3 c5 14. Qb2 cxd4 15. Nxd4 Bxg2 16. Kxg2 Bf6 17. Rac1 Nc5 18. f3 Rc8 19. Red1 Qe7 20. Qa3 Rfd8 21. Bb2 Qb7 22. Nb5 Bxb2 23. Qxb2 Qe7 24. Qa3 Rxd1 25. Rxd1 a5 26. Rd6 Qb7 27. Qb2 h6 28. Qd4 Rc6 29. Rd8+ Kh7 30. Nd6 Qe7 31. Re8 Qxd6 32. Qg4 Qe5 33. e4 Nd3 34. f4 Qxe4+ 35. Kh3 Nf2+ 36. Kh4 Nxg4 37. Kxg4 Rc5 38. h4 Qg6+ 39. Kf3 Rc3+ 40. Kg2 Qxg3+ 41. Kf1 Qf3+ 42. Ke1 Re3+ 43. Kd2 Qe2+ 44. Kc1 Rh3 45. Kb1 Rh1# 0-1


[Site "https://www.chess.com"]

[Event "Titled Tuesday Blitz May 23 Late 2023"]
[White "Bacrot, Etienne"]
[Black "Keleberda, Tymur"]
[WhiteFideId "605506"]
[BlackFideId "14174294"]
[WhiteElo "2672"]
[BlackElo "2198"]
[Result "1-0"]
[Round "02"]
[TimeControl "180+2"]
[Date "2023.05.23"]
[WhiteClock "0:00:34"]
[BlackClock "0:00:13"]

1. e4 c5 2. Nf3 d6 3. Bb5+ Nd7 4. d4 cxd4 5. Qxd4 a6 6. Be2 e5 7. Qe3 Ngf6 8. O-O b5 9. c4 bxc4 10. Bxc4 Be7 11. Nc3 O-O 12. Rd1 Bb7 13. Qe2 Qc7 14. Bg5 Rfc8 15. Nd2 h6 16. Bh4 Qb6 17. Bb3 Rab8 18. Rac1 Ba8 19. Nc4 Qa7 20. Rxd6 Bxd6 21. Nxd6 Rf8 22. Qc4 Nb6 23. Qc5 Nfd7 24. Qe3 Qc7 25. Be7 Nc5 26. Bxf8 Rxf8 27. Ncb5 axb5 28. Qxc5 Qb8 29. Qxe5 Nc4 30. Nxc4 bxc4 31. Qxb8 Rxb8 32. Rxc4 Bb7 33. f3 Rd8 34. Rc7 Ba6 35. Bxf7+ Kh8 36. Bd5 Rb8 37. b3 Bd3 38. Rc3 Bb1 39. a4 g5 40. Kf2 Kg7 41. Ke3 Kf6 42. Kd4 Rb4+ 43. Rc4 Rb8 44. Rc6+ Kg7 45. a5 Ba2 46. Kc3 Bb1 47. a6 Rb5 48. Rc7+ Kf6 49. a7 Ra5 50. a8=Q Rxa8 51. Bxa8 Bxe4 52. Bxe4 Ke5 53. Rc5+ Kf4 54. Kd2 g4 55. Rf5# 1-0


[Site "https://www.chess.com"]

[Event "Titled Tuesday Blitz May 23 Late 2023"]
[White "Mortazavi, Ali"]
[Black "Sychev, Klementy"]
[WhiteFideId "401323"]
[BlackFideId "4114060"]
[WhiteElo "2339"]
[BlackElo "2583"]
[Result "0-1"]
[Round "02"]
[TimeControl "180+2"]
[Date "2023.05.23"]
[WhiteClock "0:00:04"]
[BlackClock "0:00:02"]

1. Nf3 Nf6 2. g3 d5 3. Bg2 c5 4. O-O e6 5. d3 Nc6 6. Nbd2 g6 7. e4 Bg7 8. Re1 O-O 9. c3 a5 10. a4 b6 11. exd5 Nxd5 12. Nc4 Re8 13. h4 h6 14. Qb3 Rb8 15. Bd2 Nde7 16. Bf4 e5 17. Ncxe5 Nxe5 18. Nxe5 Be6 19. Qc2 Bd5 20. Bh3 Nf5 21. Nc4 Rxe1+ 22. Rxe1 Rb7 23. Qe2 Re7 24. Qf1 Ba8 25. Rxe7 Nxe7 26. Bg2 Bxg2 27. Kxg2 Nd5 28. Bc1 Qa8 29. Kg1 Qc6 30. Qg2 Qe6 31. Qe4 Qd7 32. h5 gxh5 33. Kg2 Qc6 34. Kg1 Qxa4 35. Qxd5 Qd1+ 36. Kg2 Qxc1 37. Qxh5 Qc2 38. Nd6 Qxd3 39. Qxf7+ Kh7 40. Nf5 Qe4+ 41. Kh2 Qg4 42. Ne7 h5 43. Qg8+ Kh6 44. Qd5 Kh7 45. Qd3+ Kh8 46. Qd8+ Kh7 47. Qg8+ Kh6 48. Qf7 Kh7 49. Nf5 Qg6 50. Qd5 a4 51. Ne7 Qg4 52. Qe4+ Qxe4 53. f3 Qe2+ 0-1


[Site "https://www.chess.com"]

[Event "Titled Tuesday Blitz May 23 Late 2023"]
[White "Rustemov, Alexander"]
[Black "Ibadov, Dashgyn"]
[WhiteFideId "4119002"]
[BlackFideId "24107514"]
[WhiteElo "2862"]
[BlackElo "2208"]
[Result "1-0"]
[Round "02"]
[TimeControl "180+2"]
[Date "2023.05.23"]
[WhiteClock "0:00:40"]
[BlackClock "0:00:00"]

1. d4 Nf6 2. c4 c5 3. d5 d6 4. Nc3 g6 5. e4 Bg7 6. h3 O-O 7. Nf3 e6 8. Bd3 exd5 9. cxd5 Re8 10. O-O Nbd7 11. Bf4 c4 12. Bc2 Nc5 13. Re1 b5 14. Nxb5 Nfxe4 15. Nfd4 Qb6 16. Be3 Bd7 17. Na3 Qxb2 18. Nxc4 Qc3 19. Bxe4 Rxe4 20. Nxd6 Rxd4 21. Bxd4 Qxd4 22. Qxd4 Bxd4 23. Rad1 Bf6 24. Re3 Rb8 25. Ra3 a6 26. Re1 Rb2 27. Rf3 Kg7 28. g4 h6 29. a3 Nb3 30. Rd1 Nd4 31. Rxd4 Bxd4 32. Rxf7+ Kg8 33. Rxd7 Rxf2 34. Kh1 1-0


[Site "https://www.chess.com"]

[Event "Titled Tuesday Blitz May 23 Late 2023"]
[White "Wadsworth, Matthew J"]
[Black "Maksimovic, Bojan"]
[WhiteFideId "415804"]
[BlackFideId "14408120"]
[WhiteElo "2347"]
[BlackElo "2468"]
[Result "1/2-1/2"]
[Round "02"]
[TimeControl "180+2"]
[Date "2023.05.23"]
[WhiteClock "0:00:03"]
[BlackClock "0:00:03"]

1. Nf3 g6 2. g3 Bg7 3. Bg2 d6 4. d4 Bd7 5. c4 Qc8 6. Nc3 Bh3 7. O-O h5 8. Bxh3 Qxh3 9. Ng5 Qd7 10. h4 Nc6 11. Be3 Nf6 12. Qd2 Ng4 13. Nf3 O-O 14. b3 Rae8 15. Rad1 e5 16. dxe5 Nxe3 17. Qxe3 Nxe5 18. Nxe5 Rxe5 19. Qd3 Rfe8 20. e3 Qh3 21. Nd5 g5 22. hxg5 Rxg5 23. Nf4 Qg4 24. Qe2 h4 25. Qxg4 Rxg4 26. Ne2 hxg3 27. Nxg3 Be5 28. Kg2 Bxg3 29. Kf3 Rg5 30. fxg3 Rge5 31. Rd3 Kg7 32. Ke2 Rg5 33. Rf3 Rh8 34. Rd2 Rh3 35. Kf2 Rh2+ 36. Ke1 Rh1+ 37. Kf2 Rgh5 38. Ke2 R5h3 39. Kd3 R1h2 40. Rxh2 Rxh2 41. a4 a5 42. Rf5 b6 43. Rg5+ Kf6 44. Rg8 Ke6 45. Rc8 Kd7 46. Rf8 Rf2 47. g4 Ke7 48. Rc8 Kd7 49. Rf8 Kc6 50. g5 Rf5 51. e4 Rxg5 52. Rxf7 Rg3+ 53. Kc2 Re3 54. Re7 Rh3 55. e5 Rh2+ 56. Kc3 Rh3+ 57. Kc2 Rg3 58. exd6 Kxd6 59. Rh7 c6 60. Rh5 Re3 61. Rg5 Re5 62. Rxe5 Kxe5 63. Kd3 Kd6 64. Kd4 Ke6 65. Ke4 Kd6 66. Kd4 Ke6 67. Ke4 Kf6 68. Kd4 Ke6 1/2-1/2


[Site "https://www.chess.com"]

[Event "Titled Tuesday Blitz May 23 Late 2023"]
[White "Talibov, Shiroghlan"]
[Black "Chylewski, Patryk"]
[WhiteFideId "13429078"]
[BlackFideId "1186191"]
[WhiteElo "2188"]
[BlackElo "2163"]
[Result "1-0"]
[Round "02"]
[TimeControl "180+2"]
[Date "2023.05.23"]
[WhiteClock "0:00:37"]
[BlackClock "0:00:02"]

1. a3 d5 2. Nf3 Nf6 3. d4 c6 4. Bf4 Bf5 5. e3 e6 6. c4 Nbd7 7. Nc3 Be7 8. Bd3 Bxd3 9. Qxd3 O-O 10. O-O dxc4 11. Qxc4 c5 12. dxc5 Nxc5 13. Rfd1 Qc8 14. Rac1 a6 15. Ne5 b5 16. Qe2 Qb7 17. b4 Nce4 18. Nxe4 Qxe4 19. Nc6 Rfe8 20. f3 Qg6 21. Ne5 Qh5 22. g4 Qh3 23. Nd3 Nd5 24. Bg3 Qh6 25. e4 Qe3+ 26. Kf1 Qxe2+ 27. Kxe2 Nb6 28. Ne5 Bf6 29. Rc6 Bxe5 30. Rxb6 Bb2 31. Rd3 h6 32. Be1 Rec8 33. Rb3 Rc2+ 34. Bd2 Rd8 35. Rd3 Ra8 36. Kd1 Rc4 37. Rb7 Bd4 38. f4 f6 39. f5 e5 40. h4 Kf8 41. g5 hxg5 42. hxg5 Rac8 43. gxf6 gxf6 44. Rh3 Kg8 45. Rg3+ Kh8 46. Rh3+ Kg8 47. Rhh7 Bc3 48. Rbg7+ Kf8 49. Rd7 Kg8 50. Bh6 Bb2 51. Rdg7+ Kf8 52. Rh8# 1-0


[Site "https://www.chess.com"]

[Event "Titled Tuesday Blitz May 23 Late 2023"]
[White "Danielyan, Vahe"]
[Black "Mahdavi, Reza"]
[WhiteFideId "13304828"]
[BlackFideId "12595926"]
[WhiteElo "2423"]
[BlackElo "2352"]
[Result "1-0"]
[Round "02"]
[TimeControl "180+2"]
[Date "2023.05.23"]
[WhiteClock "0:00:11"]
[BlackClock "0:00:00"]

1. e4 c5 2. Nc3 g6 3. d4 cxd4 4. Qxd4 Nf6 5. Nf3 Nc6 6. Qa4 d6 7. e5 dxe5 8. Nxe5 Bd7 9. Nxd7 Qxd7 10. Bb5 Bg7 11. Be3 O-O 12. Rd1 Qc7 13. O-O Ne5 14. Bf4 a6 15. Be2 Rfd8 16. h3 b5 17. Qb4 e6 18. a4 Bf8 19. Qb3 b4 20. Na2 Nd5 21. Bg3 Rac8 22. Bxa6 Ra8 23. Bb5 Bd6 24. Rxd5 exd5 25. Nxb4 Qe7 26. Nxd5 Qe6 27. f4 Bc5+ 28. Kh2 Rxd5 29. fxe5 Rd4 30. Qf3 Rf8 31. c3 Rd2 32. b4 Ba7 33. c4 Bd4 34. Qf4 Rd3 35. c5 Rxg3 36. Qxd4 Ra3 37. Bc4 Qe7 38. e6 f5 39. Qd6 Re8 40. Bb5 Qxd6+ 41. cxd6 Rxe6 42. Rd1 1-0


[Site "https://www.chess.com"]

[Event "Titled Tuesday Blitz May 23 Late 2023"]
[White "Krzyzanowski, Marcin"]
[Black "FoxOnTheRun97"]
[WhiteFideId "1132199"]
[WhiteElo "2471"]
[BlackElo "2560"]
[Result "1-0"]
[Round "02"]
[TimeControl "180+2"]
[Date "2023.05.23"]
[WhiteClock "0:00:07"]
[BlackClock "0:00:00"]

1. Nf3 Nf6 2. g3 d5 3. Bg2 Bf5 4. O-O h6 5. c4 c6 6. Qb3 Qb6 7. d3 e6 8. Be3 Qxb3 9. axb3 a6 10. Nc3 Nbd7 11. Bd4 Be7 12. Ne5 Nxe5 13. Bxe5 O-O 14. e4 dxe4 15. dxe4 Bg6 16. Rfd1 Rfd8 17. Bc7 Rxd1+ 18. Rxd1 Rc8 19. Bb6 e5 20. f3 Kf8 21. Bh3 Ra8 22. Na4 Ke8 23. Kf2 Bd8 24. Ke3 Bxb6+ 25. Nxb6 Rd8 26. Ra1 Rb8 27. Ra5 Kd8 28. Rxe5 Kc7 29. c5 Rd8 30. Re7+ Kb8 31. Ke2 Bh5 32. Bf5 Ne8 33. Nd7+ Ka7 34. Ne5 f6 35. Nxc6+ 1-0


[Site "https://www.chess.com"]

[Event "Titled Tuesday Blitz May 23 Late 2023"]
[White "Martinez Reyes, Pedro Ramon"]
[Black "Licznerski, Lukasz"]
[WhiteFideId "3901807"]
[BlackFideId "1179250"]
[WhiteElo "2340"]
[BlackElo "2453"]
[Result "0-1"]
[Round "02"]
[TimeControl "180+2"]
[Date "2023.05.23"]
[WhiteClock "0:00:00"]
[BlackClock "0:00:03"]

1. d4 Nf6 2. c4 g6 3. Nc3 d5 4. Bf4 Bg7 5. e3 c5 6. dxc5 Qa5 7. Rc1 dxc4 8. Bxc4 Qxc5 9. Bb3 Qa5 10. Nf3 O-O 11. O-O Nc6 12. Qe2 Nh5 13. Bg5 Bg4 14. Nd5 e6 15. Ne7+ Nxe7 16. Bxe7 Rfe8 17. Bd6 Rac8 18. h3 Bxf3 19. Qxf3 Qa6 20. Ba3 Nf6 21. Rfd1 Qb6 22. Qf4 h6 23. Qa4 Bf8 24. Bxf8 Rxf8 25. Qf4 Kg7 26. Qe5 Rfd8 27. Rxc8 Rxc8 28. g3 Rc5 29. Qd4 Qc7 30. Qd6 Ne4 31. Qd4+ Nf6 32. Qd8 Rc1 33. Qxc7 Rxc7 34. Rd4 Kf8 35. Kg2 Ke7 36. Rb4 Nd7 37. g4 Ne5 38. Rd4 Nc6 39. Rd2 Na5 40. Bd1 Rc1 41. Be2 Nc6 42. a3 a5 43. Bf3 Rc5 44. Bxc6 Rxc6 45. Rd4 Rb6 46. b4 axb4 47. axb4 Rd6 48. Rc4 Rc6 49. Rd4 Rd6 50. Rc4 Kd7 51. f4 Rc6 52. Rd4+ Rd6 53. Re4 Kc6 54. Rc4+ Kb6 55. Kf3 Rc6 56. Rd4 Rc7 57. e4 Kb5 58. e5 Rc3+ 59. Ke4 Rc4 60. h4 Kxb4 61. f5 Kc5 62. h5 Rxd4+ 0-1


[Site "https://www.chess.com"]

[Event "Titled Tuesday Blitz May 23 Late 2023"]
[White "Bakalchuk, Johnatan"]
[Black "Khandelwal, Ankush"]
[WhiteFideId "2810301"]
[BlackFideId "413470"]
[WhiteElo "2450"]
[BlackElo "2263"]
[Result "1-0"]
[Round "02"]
[TimeControl "180+2"]
[Date "2023.05.23"]
[WhiteClock "0:00:02"]
[BlackClock "0:00:00"]

1. e4 c5 2. Nf3 d6 3. d4 cxd4 4. Nxd4 Nf6 5. Nc3 a6 6. h4 e5 7. Nb3 Be7 8. Be2 Be6 9. f4 b5 10. f5 Bc8 11. Be3 Bb7 12. Bf3 b4 13. Na4 Nbd7 14. Qd2 a5 15. g4 Nxe4 16. Qg2 d5 17. O-O-O Qc7 18. g5 Qc6 19. Bxe4 dxe4 20. Rxd7 Qxd7 21. Nb6 Qc7 22. f6 gxf6 23. gxf6 Bxf6 24. Rf1 Bxh4 25. Qg7 Rf8 26. Rf5 Be7 27. Rxe5 Rd8 28. Bc5 Rd6 29. Nc4 Rg6 30. Qxh7 Rg1+ 31. Bxg1 Qxc4 32. Bc5 1-0


[Site "https://www.chess.com"]

[Event "Titled Tuesday Blitz May 23 Late 2023"]
[White "gueraumasague"]
[Black "Remizov, Yaroslav"]
[BlackFideId "34134015"]
[WhiteElo "2556"]
[BlackElo "2400"]
[Result "0-1"]
[Round "02"]
[TimeControl "180+2"]
[Date "2023.05.23"]
[WhiteClock "0:00:00"]
[BlackClock "0:00:08"]

1. e4 c5 2. Nc3 Nc6 3. Bb5 g6 4. Bxc6 dxc6 5. d3 Bg7 6. f4 Nf6 7. Nf3 O-O 8. O-O b6 9. Qe1 Bg4 10. Ne5 Qc7 11. Qh4 Be6 12. h3 b5 13. Nf3 c4 14. f5 gxf5 15. Bh6 Bxh6 16. Qxh6 Kh8 17. e5 Ng8 18. Qh5 cxd3 19. cxd3 Rad8 20. d4 f6 21. Rfe1 c5 22. exf6 Nxf6 23. Qh4 cxd4 24. Nxb5 Qb6 25. Nbxd4 Rg8 26. Re2 Ne4 27. Rd1 Bc4 28. Rc2 Bxa2 29. Qxe7 Bb3 30. Rc7 Qg6 31. Nh4 Qg7 32. Qxg7+ Rxg7 33. Rxg7 Bxd1 34. Ne6 Re8 35. Rxa7 Rxe6 36. Nxf5 Re8 37. g4 Bb3 38. Nh6 Bg8 39. Kg2 Rb8 40. Kf3 Ng5+ 41. Kg3 Rb3+ 42. Kh4 Nf3+ 43. Kh5 Rb5+ 44. Nf5 Rxb2 45. h4 Rb4 46. g5 Rf4 0-1


[Site "https://www.chess.com"]

[Event "Titled Tuesday Blitz May 23 Late 2023"]
[White "Kravtsiv, Martyn"]
[Black "Potapova, Margarita"]
[WhiteFideId "14113147"]
[BlackFideId "14126869"]
[WhiteElo "2695"]
[BlackElo "2244"]
[Result "1-0"]
[Round "02"]
[TimeControl "180+2"]
[Date "2023.05.23"]
[WhiteClock "0:00:37"]
[BlackClock "0:00:00"]

1. e4 c5 2. Nf3 d6 3. Bb5+ Nd7 4. d4 cxd4 5. Qxd4 a6 6. Bxd7+ Bxd7 7. O-O e5 8. Qd3 h6 9. a4 Nf6 10. Re1 Be7 11. c4 O-O 12. Nc3 Be6 13. b3 Rc8 14. h3 Nd7 15. Be3 f5 16. exf5 Bxf5 17. Qd5+ Kh8 18. Nd2 Qc7 19. Qf3 Nc5 20. Nd5 Qd8 21. Bxc5 Rxc5 22. Ne4 Rc8 23. Rad1 Be6 24. Qd3 Bh4 25. Ne3 Rc6 26. Re2 Be7 27. Nd5 Bh4 28. Qe3 Be7 29. Red2 Bh4 30. Nb4 Rb6 31. Rxd6 Rxd6 32. Rxd6 Qe7 33. Nd5 Qf7 34. Ndc3 Be7 35. Rd1 Rc8 36. Nd6 Bxd6 37. Rxd6 Rf8 38. Rd2 Qf5 39. Ne4 Qh5 40. Ng3 Qf7 41. Qxe5 Bd7 42. Kh2 Bc6 43. f3 Qg6 44. Qd6 Qf7 45. Re2 Rg8 46. Re7 Qf8 47. Qe5 Qc8 48. Nf5 Qf8 49. Nxh6 Qd8 50. Nf7+ 1-0


[Site "https://www.chess.com"]

[Event "Titled Tuesday Blitz May 23 Late 2023"]
[White "Hambleton, Aman"]
[Black "ATM622"]
[WhiteFideId "2606577"]
[WhiteElo "2511"]
[BlackElo "2554"]
[Result "1/2-1/2"]
[Round "02"]
[TimeControl "180+2"]
[Date "2023.05.23"]
[WhiteClock "0:00:03"]
[BlackClock "0:00:43"]

1. c4 e5 2. g3 f5 3. Bg2 Nf6 4. e3 Be7 5. Nc3 O-O 6. d4 e4 7. Nge2 c6 8. d5 Bb4 9. a3 Bxc3+ 10. Nxc3 d6 11. O-O cxd5 12. Nxd5 Be6 13. b4 Nbd7 14. Bb2 Ne5 15. Bxe5 dxe5 16. Nxf6+ Qxf6 17. Rc1 Rad8 18. Qa4 a6 19. Rfd1 Rd3 20. Bf1 Rfd8 21. Qc2 Rxd1 22. Rxd1 Rxd1 23. Qxd1 Qe7 24. c5 g5 25. Be2 f4 26. Qd2 f3 27. Bd1 Qd7 28. Qxd7 Bxd7 29. Kf1 Kf7 30. Ke1 Ke6 31. Bb3+ Kf6 32. Bd5 Bc6 33. Bxc6 bxc6 34. Kd2 g4 35. Kc3 Ke6 36. Kc4 Kd7 37. Kb3 Kc7 38. Ka4 Kb7 39. Ka5 Ka7 40. a4 Kb7 41. b5 h6 42. Kb4 Kc7 43. Ka5 Kb7 44. bxc6+ Kxc6 45. Kxa6 Kxc5 46. a5 Kc6 47. Ka7 Kc7 48. Ka8 Kc8 49. Ka7 Kc7 50. Ka6 Kc6 51. Ka7 Kc7 1/2-1/2


[Site "https://www.chess.com"]

[Event "Titled Tuesday Blitz May 23 Late 2023"]
[White "Filipascu"]
[Black "Bryakin, Mikhail"]
[BlackFideId "4165314"]
[WhiteElo "2554"]
[BlackElo "2467"]
[Result "1/2-1/2"]
[Round "02"]
[TimeControl "180+2"]
[Date "2023.05.23"]
[WhiteClock "0:00:06"]
[BlackClock "0:00:07"]

1. c4 g6 2. Nc3 Bg7 3. d4 d6 4. e4 e5 5. d5 Ne7 6. Bd3 a5 7. Nf3 Na6 8. h3 h5 9. a3 Bh6 10. Bxh6 Rxh6 11. b4 Kf8 12. O-O Kg7 13. Nd2 g5 14. Rb1 Ng6 15. c5 g4 16. Bxa6 bxa6 17. cxd6 cxd6 18. Nc4 gxh3 19. g3 h4 20. Kh2 axb4 21. axb4 f5 22. exf5 Bxf5 23. Rc1 Rb8 24. Qa4 Bd3 25. Ne3 Bxf1 26. Nf5+ Kh7 27. Nxh6 Bb5 28. Nxb5 axb5 29. Qa7+ Kxh6 30. Rc7 hxg3+ 31. fxg3 Kg5 32. Qe3+ Kf6 33. Qf3+ Nf4 34. Rc2 Rc8 35. Rf2 Rc4 36. Qg4 Qh8 37. gxf4 Rxf4 38. Qe6+ Kg5 39. Re2 Qf6 40. Qg8+ Qg6 41. Qd8+ Kg4 42. Qb6 Qf5 43. Qg1+ Kh5 44. Qg3 Qg4 45. Qe3 Kg5 46. Rd2 Kf5 47. Qd3+ e4 48. Qc3 Qf3 49. Qg7 Qg4 50. Qf7+ Kg5 51. Qg7+ Kh5 52. Qh7+ Kg5 53. Qg7+ Kf5 54. Qf7+ Kg5 55. Qg7+ 1/2-1/2


[Site "https://www.chess.com"]

[Event "Titled Tuesday Blitz May 23 Late 2023"]
[White "Quispe Arteaga, Gabriel"]
[Black "Spata, German"]
[WhiteFideId "32059809"]
[BlackFideId "113026"]
[WhiteElo "2274"]
[BlackElo "2260"]
[Result "1-0"]
[Round "02"]
[TimeControl "180+2"]
[Date "2023.05.23"]
[WhiteClock "0:00:08"]
[BlackClock "0:00:00"]

1. c4 g6 2. Nc3 Bg7 3. g3 Nf6 4. Bg2 O-O 5. d3 c5 6. e4 Nc6 7. Nge2 d6 8. O-O Ne8 9. Be3 Nd4 10. Bxd4 cxd4 11. Nb5 Qb6 12. Rb1 a6 13. Na3 a5 14. Nc2 Bd7 15. Nf4 Nc7 16. h4 e5 17. Nh3 Ne6 18. b3 Nc5 19. Kh2 h6 20. f4 f5 21. h5 fxe4 22. dxe4 Be8 23. hxg6 Bxg6 24. f5 Bh7 25. Ne1 Qd8 26. Nd3 Kh8 27. Nxc5 dxc5 28. Nf2 Rg8 29. Nd3 b6 30. Qh5 Ra7 31. a4 Bf6 32. Rf3 Rag7 33. Rh1 Qe7 34. Qxh6 Rg5 35. Nf2 Qf7 36. g4 R5g7 37. Kg1 Bg5 38. Qh5 Be3 39. Qxf7 Rxf7 40. Bh3 Kg7 41. Kf1 Kf6 42. Nd3 Re7 43. Ke2 Bg5 44. Bg2 Rgg7 45. Rfh3 Rgf7 46. Bf3 Rg7 47. Nf2 Rgf7 48. Nd3 Rg7 49. Ne1 Rgf7 50. Kd3 Rg7 51. Be2 Bf4 52. Nf3 Bg5 53. Rh6+ Bxh6 54. Rxh6+ Kf7 55. g5 Bxf5 56. Rf6+ Ke8 57. Rxf5 Rh7 58. Nxe5 Rh3+ 59. Nf3 Rg3 60. Rf6 Rh7 61. Rxb6 Rh1 62. Rb5 Rb1 63. Kc2 Ra1 64. Rxc5 Ra2+ 65. Kd3 Rg2 66. Nxd4 Rb2 67. Rb5 Rg3+ 68. Bf3 Kd7 69. Ke3 Rg1 70. Kf4 Rf2 71. Rxa5 Rd1 72. Rd5+ Kc8 73. a5 1-0


[Site "https://www.chess.com"]

[Event "Titled Tuesday Blitz May 23 Late 2023"]
[White "Manukyan, Artyom"]
[Black "Rostovtsev, Dmitry"]
[WhiteFideId "13305786"]
[BlackFideId "34278320"]
[WhiteElo "2078"]
[BlackElo "2344"]
[Result "0-1"]
[Round "02"]
[TimeControl "180+2"]
[Date "2023.05.23"]
[WhiteClock "0:00:55"]
[BlackClock "0:01:27"]

1. Nf3 Nf6 2. c4 e6 3. g3 d5 4. Bg2 dxc4 5. Qa4+ Nbd7 6. Qxc4 c5 7. O-O Bd6 8. d4 O-O 9. Rd1 Qc7 10. Nc3 a6 11. a4 cxd4 12. Qxc7 Bxc7 13. Nxd4 Ba5 14. Ne4 Nxe4 15. Bxe4 Nc5 16. Bg2 e5 17. Nf3 f6 18. Be3 Nb3 19. Ra3 Be6 20. Rd6 Bf7 21. Nd2 Bb4 22. Rxb3 Bxb3 23. Rb6 Bxd2 24. Bxd2 Bxa4 25. Bxb7 Rab8 26. Bd5+ Kh8 27. Rxa6 Bb5 28. Ra7 Bxe2 29. b4 Rfd8 30. Ra5 Bb5 0-1


[Site "https://www.chess.com"]

[Event "Titled Tuesday Blitz May 23 Late 2023"]
[White "Bartel, Michal"]
[Black "Bachmann, Axel"]
[WhiteFideId "1119257"]
[BlackFideId "3700488"]
[WhiteElo "2282"]
[BlackElo "2605"]
[Result "0-1"]
[Round "02"]
[TimeControl "180+2"]
[Date "2023.05.23"]
[WhiteClock "0:00:12"]
[BlackClock "0:01:44"]

1. e4 Nc6 2. Nc3 d6 3. g3 g6 4. Bg2 Bg7 5. Nge2 e5 6. O-O f5 7. d3 Nf6 8. h3 O-O 9. Bg5 h6 10. Be3 f4 11. gxf4 Nh5 12. Qd2 Qh4 13. fxe5 Bxh3 14. exd6 Qg4 15. Ng3 Bxg2 16. Kxg2 Rf3 17. Ne2 Be5 18. Rg1 Raf8 19. Bxh6 Rxf2+ 20. Kh1 Qh3# 0-1


[Site "https://www.chess.com"]

[Event "Titled Tuesday Blitz May 23 Late 2023"]
[White "Fernandez Guillen, Ernesto J."]
[Black "Plotnikov, Pavel"]
[WhiteFideId "3512428"]
[BlackFideId "4170342"]
[WhiteElo "2429"]
[BlackElo "2298"]
[Result "1-0"]
[Round "02"]
[TimeControl "180+2"]
[Date "2023.05.23"]
[WhiteClock "0:02:14"]
[BlackClock "0:01:46"]

1. e4 e6 2. Nf3 d5 3. Nc3 Nf6 4. e5 Ng8 5. d4 c5 6. Ne2 Nc6 7. c3 Nge7 8. h4 h5 9. g3 Nf5 10. Bh3 Qb6 11. O-O cxd4 12. cxd4 a5 13. Be3 a4 14. Bxf5 exf5 15. Nf4 Be6 16. Ng5 Na5 17. Rc1 Be7 18. Ngxe6 fxe6 19. Ng6 Rh7 20. Qxa4+ Kf7 21. Nxe7 Kxe7 22. Bg5+ Kf8 23. Qd7 Nc6 24. Qxe6 Qxd4 25. Rxc6 bxc6 26. Be7+ Ke8 27. Bd6+ Kd8 28. Qe7+ Kc8 29. Qc7# 1-0


[Site "https://www.chess.com"]

[Event "Titled Tuesday Blitz May 23 Late 2023"]
[White "Toncheva, Nadya"]
[Black "Milikow, Yoav"]
[WhiteFideId "2924056"]
[BlackFideId "2822237"]
[WhiteElo "2101"]
[BlackElo "2410"]
[Result "0-1"]
[Round "02"]
[TimeControl "180+2"]
[Date "2023.05.23"]
[WhiteClock "0:00:11"]
[BlackClock "0:00:36"]

1. e4 e5 2. Nf3 Nc6 3. Bb5 Nf6 4. O-O Nxe4 5. Re1 Nd6 6. Nxe5 Be7 7. Bf1 Nxe5 8. Rxe5 O-O 9. d4 Bf6 10. Re1 Nf5 11. c3 d5 12. Bf4 Bg5 13. Qc1 Bxf4 14. Qxf4 Qd6 15. Qxd6 Nxd6 16. Nd2 Bf5 17. Re3 a5 18. Rae1 a4 19. a3 Rfc8 20. g3 Kf8 21. Bg2 c6 22. h4 Ra6 23. b4 axb3 24. Nxb3 Rxa3 25. Nd2 Nb5 26. c4 dxc4 27. Nxc4 Rxe3 28. fxe3 Be6 29. Nb6 Re8 30. Ra1 Bf5 31. Kf2 h5 32. Bf3 g6 33. d5 cxd5 34. Bxd5 Nd6 35. Rc1 Be4 36. Rc7 Bxd5 37. Nxd5 Re5 38. Nb6 Rf5+ 39. Ke2 Rb5 40. Nc8 Nf5 41. Kf3 Rb3 42. Kf4 Nxe3 43. Nd6 Nd5+ 0-1


[Site "https://www.chess.com"]